 Dungeon Crawl Stone Soup version 0.25-a0-834-g55863b0b92 (webtiles) character file.

Game seed: 8080241439857442097, levelgen mode: deterministic

1012 Maedhros the Covert (level 8, 0/48 HPs)
             Began as an Octopode Artificer on Apr 23, 2020.
             Slain by Edmund
             ... wielding a +0 flail of protection
              (10 damage)
             ... on level 5 of the Dungeon.
             The game lasted 00:03:31 (2947 turns).

Maedhros the Covert (Octopode Artificer)            Turns: 2947, Time: 00:03:31

Health: 0/48       AC:  1    Str: 11    XL:     8   Next: 21%
Magic:  13/13      EV: 13    Int: 13    God:
Gold:   84         SH:  0    Dex: 15    Spells: 7/7 levels left

rFire    . . .     SeeInvis .   k - +2 dagger (speed)
rCold    . . .     Gourm    .   (no shield)
rNeg     . . .     Faith    .   (helmet restricted)
rPois    .         Spirit   .   (no amulet)
rElec    .         Reflect  .   (no ring)
rCorr    .         Harm     .   (no ring)
MR       .....                  (no ring)
Stlth    +++++.....             (no ring)
HPRegen  0.16/turn              (no ring)
MPRegen  0.13/turn              (no ring)
                                (no ring)
                                (no ring)

@: no status effects
A: almost no armour, stealthy swim, amphibious, 8 rings, constrict 8, camouflage
1, gelatinous body 1
a: no special abilities


You were on level 5 of the Dungeon.
You were not hungry.

You visited 1 branch of the dungeon, and saw 5 of its levels.

You collected 84 gold pieces.

Inventory:

Hand Weapons
 a - a +0 short sword
 k - a +2 dagger of speed (weapon)
Jewellery
 l - an uncursed ring of magical power {unknown}
Wands
 b - a wand of flame (1)
 c - a wand of enslavement (10)
 d - a wand of random effects (8)
 m - a wand of disintegration (10)
Scrolls
 e - 9 scrolls of identify {unknown}
 g - a scroll of enchant armour {unknown}
 h - 2 scrolls of fog {unknown}
 j - 2 scrolls of teleportation {unknown}
 n - a scroll of remove curse {unknown}
 o - a scroll of enchant weapon {unknown}
 p - a scroll of immolation {unknown}
Potions
 i - a potion of degeneration {unknown}
Comestibles
 f - 4 rations


   Skills:
 - Level 1.0 Fighting
 - Level 1.0 Short Blades
 - Level 2.0 Dodging
 + Level 9.4 Stealth
 + Level 7.9 Evocations


You had 7 spell levels left.
You didn't know any spells.
Your spell library was empty.

Dungeon Overview and Level Annotations

Branches:
Dungeon (5/15)             Temple (0/1) D:5

Altars:
The Shining One

Annotations:
D:5 Edmund


Innate Abilities, Weirdness & Mutations

You cannot wear most types of armour.
You are very stealthy in the water. (Stealth+)
You are amphibious.
You can wear up to eight rings at the same time.
You can use your tentacles to constrict eight enemies at once.
Your skin changes colour to match your surroundings (Stealth+).
Your rubbery body absorbs attacks. (AC +1, EV +1)


Message History

You hit something but do no damage.
You are engulfed in a cloud of scalding steam.
* * * LOW HITPOINT WARNING * * *
Something hits you.
* * * LOW HITPOINT WARNING * * *
Evoke which item? (* to show all) (? for menu, Esc to quit)
Aiming: Throw Flame
Press: ? - help, Shift-Dir - straight line, f - you The puff of flame hits something but does no damage.
Evoke which item? (* to show all) (? for menu, Esc to quit)
Aiming: Throw Flame
Press: ? - help, Shift-Dir - straight line, f - you The puff of flame hits something.
You hear a splashing noise.
Evoke which item? (* to show all) (? for menu, Esc to quit)
Aiming: Throw Flame
Press: ? - help, Shift-Dir - straight line, f - you The puff of flame hits something but does no damage.
Something hits you!
You die...

.#.####.......##.....#.###.##.#
.....)..###......._........##†#
#..###### ##.##......#.######.#
#..# #.##.........# #.# #..#
#.##.#.##.##.# #.# #..#
###...≈≈§...##.# #.# #..####
#....≈§§≈≈..##.# #.# .)....#
#.##§§§§≈≈≈###.# #.# #####.#
#.##§§≈@§§§# #.#
###.####.##§≈{≈§≈≈# #.#
###.....##....≈§§§≈.# #.#
.....(..##.##..≈≈≈..# #.#
...................## #.#
........##.####.##.# #.#
........##......# .# #.#
............##### .# #.#
.......####.##.## #.#


There were no monsters in sight!

Vanquished Creatures
  Grinder (D:5)
  Menkaure (D:5)
  An ice beast (D:5)
  An ogre (D:4)
  A scorpion (D:5)
  A crimson imp (D:5)
  A jelly (D:5)
  A hound (D:5)
  2 bullfrog skeletons (D:5)
  An orc priest (D:4)
  2 orc wizards
  An iguana (D:4)
  3 worker ants
  2 adders
  An adder skeleton (D:5)
  A worm (D:4)
  8 orcs
  A giant cockroach (D:3)
  2 hobgoblins
  11 jackals
  2 kobolds (D:2)
  2 frilled lizards
  2 rats (D:2)
49 creatures vanquished.

Vanquished Creatures (collateral kills)
  An orc wizard (D:4)
  An iguana (D:5)
  A jackal (D:2)
3 creatures vanquished.

Vanquished Creatures (others)
  An ogre (D:5)
1 creature vanquished.

Grand Total: 53 creatures vanquished

Notes
Turn   | Place    | Note
-------+----------+-------------------------------------------
     0 | D:1      | Maedhros the Octopode Artificer began the quest for the
                  | Orb.
     0 | D:1      | Reached XP level 1. HP: 13/13 MP: 3/3
   350 | D:2      | Reached skill level 2 in Stealth
   385 | D:2      | Reached XP level 2. HP: 13/18 MP: 4/4
   589 | D:3      | Reached skill level 3 in Stealth
   595 | D:3      | Reached XP level 3. HP: 18/23 MP: 5/5
  1094 | D:4      | Noticed an ogre
  1117 | D:4      | Killed an ogre
  1117 | D:4      | Reached skill level 5 in Stealth
  1117 | D:4      | Reached skill level 5 in Evocations
  1117 | D:4      | Reached XP level 4. HP: 18/28 MP: 7/7
  1117 | D:4      | Reached XP level 5. HP: 22/33 MP: 8/8
  1623 | D:4      | Reached XP level 6. HP: 28/38 MP: 10/10
  1667 | D:4      | Reached skill level 6 in Stealth
  1820 | D:5      | Entered Level 5 of the Dungeon
  1825 | D:5      | Noticed an ice beast
  1868 | D:5      | Noticed Grinder
  1874 | D:5      | Killed Grinder
  1874 | D:5      | Reached skill level 7 in Stealth
  1874 | D:5      | Reached XP level 7. HP: 43/43 MP: 11/11
  2082 | D:5      | Reached skill level 8 in Stealth
  2273 | D:5      | Found a glowing golden altar of the Shining One.
  2274 | D:5      | Noticed Menkaure
  2275 | D:5      | Noticed Edmund
  2277 | D:5      | Killed Menkaure
  2357 | D:5      | Found a staircase to the Ecumenical Temple.
  2384 | D:5      | Reached XP level 8. HP: 33/48 MP: 13/13
  2390 | D:5      | Reached skill level 9 in Stealth
  2947 | D:5      | Slain by Edmund

Levels and vault maps discovered:
D:1:      psy_arrival_spokes, layout_basic, fountainhead
D:2:      layout_basic, nicolae_ru_great_annihilating_truth
D:3:      layout_loops_corners, uniq_crazy_yiuf_cottage
D:4:      layout_basic, first_ration, st_stairs_14
D:5:      layout_loops_ring, minmay_temple_entry_mist, basic_altar,
          uniq_menkaure, uniq_edmund, uniq_grinder

Skill      XL: |  1  2  3  4  5  6  7  8 |
---------------+-------------------------+-----
Stealth        | 2 3 5 7 8 9 |  9.4
Evocations     | 5 6 7 |  7.9
Fighting       | |  1.0
Short Blades   | |  1.0
Dodging        | |  2.0

Action                   |  1- 3 |  4- 6 |  7- 9 || total
-------------------------+-------+-------+-------++-------
Melee: Short sword       |    40 |     9 |       ||    49
       Constrict         |     9 |     6 |    15 ||    30
       Tentacles         |     6 |    11 |    17 ||    34
       Dagger            |       |    21 |    83 ||   104
Evoke: Wand              |     6 |     5 |    17 ||    28
  Use: Potion            |     1 |       |       ||     1
 Stab: Sleeping          |     4 |       |     5 ||     9
       Distracted        |     1 |       |       ||     1
       Paralysed         |     2 |       |       ||     2
  Eat: Chunk             |       |     3 |     1 ||     4
       Ration            |       |       |     1 ||     1
Armor: Skin              |     3 |     2 |     2 ||     7
Dodge: Dodged            |    38 |     8 |    23 ||    69

Table legend:
 A = Non-vault XP
 B = Vault XP
 C = Vault XP percentage of total XP
 D = Non-vault monster count
 E = Vault monster count
 F = Vault count percentage of total count
                 A         B        C        D         E       F
            +---------+---------+-------+---------+---------+-------
      Total |    1013 |     434 |  30.0 |      50 |       2 |   3.8
            +---------+---------+-------+---------+---------+-------
        D:1 |       2 |       0 |   0.0 |       1 |       0 |   0.0
        D:2 |      12 |       0 |   0.0 |       8 |       0 |   0.0
        D:3 |      64 |       0 |   0.0 |       7 |       0 |   0.0
        D:4 |     284 |       0 |   0.0 |       9 |       0 |   0.0
        D:5 |     651 |     434 |  40.0 |      25 |       2 |   7.4
            +---------+---------+-------+---------+---------+-------
